 Dungeon Crawl Stone Soup version 0.19-a0-1714-gcab94ab (webtiles) character file.

377 kae the Slasher (level 7, -6/54 HPs)
             Began as a Formicid Fighter on Sept 28, 2016.
             Mangled by an ogre
             ... wielding a +0 giant spiked club
              (21 damage)
             ... on level 4 of the Dungeon.
             The game lasted 00:03:54 (2592 turns).

kae the Slasher (Formicid Fighter)                  Turns: 2592, Time: 00:03:55

Health: -6/54      AC:  7    Str: 28    XL:     7   Next: 4%
Magic:  7/7        EV:  8    Int:  7    God:
Gold:   183        SH: 10    Dex: 10    Spells: 0 memorised, 6 levels left

rFire  . . .     SeeInvis +     a - +0 long sword
rCold  . . .     Gourm    .     n - +0 scale mail
rNeg   . . .     Faith    .     c - +0 shield
rPois  .         Spirit   .     (helmet unavailable)
rElec  .         Dismiss  .     (no cloak)
rCorr  .         Reflect  .     (no gloves)
MR     .....     Harm     .     (no boots)
Stlth  ..........               (no amulet)
                                (no ring)
                                i - ring of wizardry

@: mighty
A: permanent stasis, dig shafts and tunnels, four strong arms, antennae 3
a: Dig, Shaft Self


You were on level 4 of the Dungeon.
You were not hungry.

You visited 1 branch of the dungeon, and saw 4 of its levels.

You collected 183 gold pieces.

Inventory:

Hand Weapons
 a - a +0 long sword (weapon)
Armour
 c - a +0 shield (worn)
 n - a +0 scale mail (worn)
Jewellery
 b - a +2 ring of strength {unknown}
 i - a ring of wizardry (left hand)
 p - an uncursed ring of fire {unknown}
Scrolls
 g - a scroll of remove curse
 j - 3 scrolls of identify
 k - 2 scrolls of random uselessness
 o - a scroll of recharging
 q - a scroll of teleportation {unknown}
 s - a scroll of amnesia
Potions
 e - 2 potions of lignification {unknown}
 m - a potion of mutation {unknown}
 r - a potion of flight {unknown}
 t - a potion of heal wounds {unknown}
 v - a potion of degeneration {unknown}
Comestibles
 f - 3 bread rations
 h - 4 meat rations
 l - 3 fruits
 u - 6 chunks of flesh


   Skills:
 + Level 4.2 Fighting
 * Level 6.4 Long Blades
 - Level 3.2 Armour
 - Level 3.6 Shields


You had 6 spell levels left.
You didn't know any spells.

Dungeon Overview and Level Annotations

Branches:
Dungeon (4/15)
 Temple: D:4-7

Altars:
Ashenzari


Innate Abilities, Weirdness & Mutations

You are under a permanent stasis effect.
You can dig through walls and to a lower floor.
Your four strong arms can wield two-handed weapons with a shield.
You have a pair of large antennae on your head. (SInv)


Message History

e - 2 smoky yellow potions You feel sick.
You are no longer poisoned.
You sense a monster nearby.
You sense a monster nearby.
Found a scroll labeled PEKILO PODOI.
f - 3 bread rations (gained 1)
An ogre comes into view. It is wielding a giant spiked club.
The ogre shouts!
You aren't carrying any items that you can evoke.
Okay, then.
You feel very mighty all of a sudden.
You slice the ogre!!
The ogre is almost dead.
The ogre hits you with a giant spiked club.
* * * LOW HITPOINT WARNING * * *
You barely miss the ogre.
The ogre is almost dead.
The ogre hits you with a giant spiked club!!
You die...

#......))################<##
#......รท....................
#####..>....................
#.#..################.##
##....#### #.#. #........#
#.#. #........# #.#.
###......# #.#. ##....@# #...
{{ ##....O# #### {#........
##...?..... #!..........
............ ###..........
######.####


You could see an ogre.

Vanquished Creatures
  Duvessa (D:4)
  Dowan (D:4)
  A hound (D:4)
  An orc priest (D:4)
  An orc wizard (D:3)
  5 adders
  2 worms
  3 dart slugs
  4 leopard geckos
  9 orcs
  A ball python (D:3)
  6 giant cockroaches
  5 goblins
  10 hobgoblins
  A quokka (D:3)
  6 bats
  A frilled lizard (D:3)
  5 kobolds
  9 rats
72 creatures vanquished.

Notes
Turn   | Place    | Note
-------+----------+-------------------------------------------
     0 | D:1      | kae the Formicid Fighter began the quest for the Orb.
     0 | D:1      | Reached XP level 1. HP: 18/18 MP: 1/1
   131 | D:1      | Reached XP level 2. HP: 24/24 MP: 2/2
   307 | D:1      | Reached skill level 3 in Long Blades
   453 | D:1      | Reached XP level 3. HP: 29/29 MP: 3/3
   975 | D:2      | Reached skill level 4 in Long Blades
   975 | D:2      | Reached XP level 4. HP: 35/35 MP: 4/4
  1873 | D:3      | Reached XP level 5. HP: 35/41 MP: 5/5
  1971 | D:3      | Reached skill level 5 in Long Blades
  2297 | D:3      | Found a shattered altar of Ashenzari.
  2463 | D:4      | Noticed Duvessa
  2463 | D:4      | Noticed Dowan
  2490 | D:4      | Killed Duvessa
  2490 | D:4      | Reached skill level 6 in Long Blades
  2490 | D:4      | Reached XP level 6. HP: 14/48 MP: 6/6
  2506 | D:4      | Killed Dowan
  2546 | D:4      | Reached XP level 7. HP: 23/54 MP: 7/7
  2592 | D:4      | Mangled by an ogre

Vault maps used:
D:1:      dpeg_arrival_arbitrary_a, minmay_misc_feat_more_columns,
          serial_bayou_pond_e, minmay_misc_feat_square
D:2:      first_bread
D:3:      cheibrodos_ashenzari_chains
D:4:      gup_sewer_entry_bubbles, uniq_natasha, uniq_duvessa

Skill      XL: |  1  2  3  4  5  6 |
---------------+-------------------+-----
Long Blades    | 3 4 6 |  6.4
Fighting       | 4 |  4.2
Armour         | |  3.2
Shields        | |  3.6

Action                   |  1- 3 |  4- 6 |  7- 9 || total
-------------------------+-------+-------+-------++-------
Melee: Long sword        |    88 |   206 |    19 ||   313
  Use: Scroll            |     4 |     1 |       ||     5
       Potion            |       |     1 |     3 ||     4
  Eat: Chunk             |       |     6 |       ||     6
Armor: Scale mail        |    52 |    69 |    16 ||   137
Dodge: Dodged            |    29 |    57 |     7 ||    93
Block: Shield            |    40 |    85 |    24 ||   149
